 Dungeon Crawl Stone Soup version 0.22.0-49-gab54619674 (webtiles) character file.

1311 Riddle the Digger (level 8, -3/57 (58) HPs)
             Began as a Gnoll Earth Elementalist on Sept 6, 2018.
             Was an Elder of Elyvilon.
             Slain by a two-headed ogre
             ... wielding a +0 giant spiked club
              (13 damage)
             ... on level 7 of the Dungeon.
             The game lasted 00:34:22 (7133 turns).

Riddle the Digger (Gnoll Earth Elementalist)        Turns: 7133, Time: 00:34:23

HP:   -3/57 (58)    AC:  4    Str: 10    XL:     8   Next: 58%
MP:   13/17         EV: 16    Int: 20    God:    Elyvilon [****..]
Gold: 267           SH:  0    Dex: 16    Spells: 6/19 levels left

rFire    + . .     SeeInvis .   x - +0 rapier
rCold    . . .     Gourm    .   (no shield)
rNeg     . . .     Faith    .   c - +0 robe
rPois    .         Spirit   .   (no helmet)
rElec    .         Reflect  .   y - +1 cloak
rCorr    .         Harm     .   (no gloves)
MR       .....                  (no boots)
Stlth    +++.......             (no amulet)
HPRegen  0.19/turn              t - ring of protection from fire
MPRegen  0.15/turn              (no ring)

@: no status effects
A: distributed training, fangs 1, strong nose
a: Lesser Healing, Heal Other, Purification, Greater Healing, Divine Protection,
Renounce Religion


You were on level 7 of the Dungeon.
You worshipped Elyvilon.
Elyvilon was greatly pleased with you.
You were not hungry.

You visited 1 branch of the dungeon, and saw 7 of its levels.

You collected 267 gold pieces.

Inventory:

Hand Weapons
 r - a +1 dagger of flaming
 x - a +0 rapier (weapon)
Missiles
 b - 218 stones (quivered)
Armour
 c - a +0 robe (worn)
 u - a +0 shield
 y - a +1 cloak (worn)
Jewellery
 t - a ring of protection from fire (left hand)
Wands
 j - a wand of polymorph (11)
 s - a wand of disintegration (20)
 v - a wand of flame (32)
Scrolls
 e - a scroll of noise {unknown}
 f - 4 scrolls of teleportation {unknown}
 k - 2 scrolls of amnesia {unknown}
 n - 12 scrolls of identify {unknown}
 o - 2 scrolls of magic mapping {unknown}
 p - a scroll of remove curse {unknown}
 q - a scroll of immolation {unknown}
Potions
 a - 4 potions of heal wounds {unknown}
 g - a potion of resistance {unknown}
 h - 2 potions of agility {unknown}
 i - a potion of ambrosia {unknown}
 l - 2 potions of cancellation {unknown}
 m - 3 potions of curing {unknown}
 w - a potion of brilliance {unknown}
 z - 2 potions of might {unknown}
Comestibles
 d - 13 rations
 A - 3 chunks of flesh


   Skills:
 + Level 3.3 Fighting
 + Level 3.3 Short Blades
 + Level 3.3 Long Blades
 + Level 3.3 Axes
 + Level 3.3 Maces & Flails
 + Level 3.3 Polearms
 + Level 3.3 Staves
 + Level 3.3 Slings
 + Level 3.3 Bows
 + Level 3.3 Crossbows
 + Level 3.3 Throwing
 + Level 3.3 Armour
 + Level 5.7 Dodging
 + Level 5.4 Stealth
 + Level 3.3 Shields
 + Level 3.3 Unarmed Combat
 + Level 6.1 Spellcasting
 + Level 2.7 Conjurations
 + Level 2.7 Hexes
 + Level 2.7 Charms
 + Level 2.7 Summonings
 + Level 2.7 Necromancy
 + Level 2.7 Translocations
 + Level 3.5 Transmutations
 + Level 2.7 Fire Magic
 + Level 2.7 Ice Magic
 + Level 2.7 Air Magic
 + Level 6.1 Earth Magic
 + Level 2.7 Poison Magic
 + Level 3.6 Invocations
 + Level 3.3 Evocations


You had 6 spell levels left.
You knew the following spells:

 Your Spells              Type           Power        Failure   Level  Hunger
a - Sandblast             Erth           ####..       1%          1    None
b - Passwall              Tmut/Erth      ####....     2%          2    None
c - Ensorcelled Hibernat  Hex/Ice        ###...       4%          2    None
d - Confuse               Hex            ###.....     10%         3    ##.....
e - Corona                Hex            ###....      3%          1    None
f - Summon Lightning Spi  Summ/Air       ###.....     32%         4    ####...

Your spell library contained the following spells:

 Spells                   Type           Power        Failure   Level  Hunger
 Summon Small Mammal      Summ           ###.         3%          1    None
 Call Imp                 Summ           ###.....     4%          2    None
 Stone Arrow              Conj/Erth      ###...       4%          3    ##.....
 Call Canine Familiar     Summ           ###.....     10%         3    ##.....
 Dazzling Spray           Conj/Hex       ###...       10%         3    ##.....
 Summon Guardian Golem    Hex/Summ       ###.....     10%         3    ##.....
 Tukima's Dance           Hex            ###.....     10%         3    ##.....
 Petrify                  Tmut/Erth      ####....     14%         4    ####...
 Lee's Rapid Deconstruct  Erth           ####......   22%         5    #####..
 Summon Ice Beast         Ice/Summ       ###.....     32%         4    ####...


Dungeon Overview and Level Annotations

Branches:
Dungeon (7/15)             Temple (0/1) D:5

Altars:
Elyvilon
Kikubaaqudgha
Makhleb
Qazlal
Ru
Sif Muna
Trog
Wu Jian
Zin
The Shining One

Annotations:
D:6 1 runed door


Innate Abilities, Weirdness & Mutations

Your experience applies equally to all skills.
You have very sharp teeth.
Your uncanny sense of smell can sniff out nearby items.


Message History

The centaur shoots an arrow.
The arrow hits you! Elyvilon protects you from harm!
You see here an arrow.
The centaur shoots an arrow.
The arrow barely misses you.
You see here an arrow.
Casting: Ensorcelled Hibernation (safe; 4% risk of failure)
Confirm with . or Enter, or press ? or * to list all spells.
Aiming: Passwall (safe; 2% risk of failure)
Press: ? - help, Dir - move target cursor, p - two-headed ogre A rock wall.
The two-headed ogre closely misses you. x2
You begin to meditate on the wall.
You continue meditating on the rock.
The two-headed ogre hits you with a giant spiked club!!
Elyvilon protects you from harm! The two-headed ogre closely misses you.
You continue meditating on the rock.
Your divine protection fades away.
You continue meditating on the rock.
The two-headed ogre hits you with a giant spiked club!
You die...

# .. ∆ ##. #. ###
#.##.### ##########.#
#....#.#.#
#.........#.##.#.#.⌠.
#.######.###.#.#..#
#.# #..## ##c((((#
#.# #.#.###.####..#
###.# #.##@#.## ###.#
#...# #. ##O## ...
#.### #. ### .... #.#
#. ..... #.# #. ####
##.######. #.........
#..######. #..#


You could see a two-headed ogre.

Vanquished Creatures
  Sigmund (D:4)
  Eustachio (D:4)
  A water moccasin (D:5)
  An ice beast (D:3)
  A necrophage (D:7)
  An ogre (D:7)
  2 bullfrogs
  A scorpion (D:5)
  A centaur zombie (D:7)
  A hound (D:7)
  5 worker ants
  Natasha (thrice) (D:3)
  A hound zombie (D:5)
  4 adders
  3 gnolls
  2 shadow imps (D:6)
  An ooze (D:5)
  4 worms
  2 dart slugs
  6 leopard geckos
  3 orcs (D:5)
  5 bats
  6 giant cockroaches
  11 goblins
  7 hobgoblins
  9 jackals
  A quokka (D:3)
  A ball python (D:5)
  3 frilled lizards
  A jackal skeleton (D:4)
  9 kobolds
  9 rats
  A withered plant (D:4)
108 creatures vanquished.

Notes
Turn   | Place    | Note
-------+----------+-------------------------------------------
     0 | D:1      | Riddle the Gnoll Earth Elementalist began the quest for the
                  | Orb.
     0 | D:1      | Reached XP level 1. HP: 13/13 MP: 6/6
    65 | D:1      | Reached XP level 2. HP: 19/19 MP: 5/7
   691 | D:2      | Reached XP level 3. HP: 25/25 MP: 7/9
   701 | D:2      | Learned a level 2 spell: Passwall
   749 | D:2      | Reached skill level 5 in Spellcasting
  1025 | D:2      | Reached skill level 1 in Invocations
  1332 | D:3      | Noticed an ice beast
  1341 | D:3      | Killed an ice beast
  1341 | D:3      | Reached skill level 1 in Fighting
  1341 | D:3      | Reached skill level 1 in Short Blades
  1341 | D:3      | Reached skill level 1 in Long Blades
  1341 | D:3      | Reached skill level 1 in Axes
  1341 | D:3      | Reached skill level 1 in Maces & Flails
  1341 | D:3      | Reached skill level 1 in Polearms
  1341 | D:3      | Reached skill level 1 in Staves
  1341 | D:3      | Reached skill level 1 in Slings
  1341 | D:3      | Reached skill level 1 in Bows
  1341 | D:3      | Reached skill level 1 in Crossbows
  1341 | D:3      | Reached skill level 1 in Throwing
  1341 | D:3      | Reached skill level 1 in Armour
  1341 | D:3      | Reached skill level 1 in Shields
  1341 | D:3      | Reached skill level 1 in Unarmed Combat
  1341 | D:3      | Reached skill level 1 in Conjurations
  1341 | D:3      | Reached skill level 1 in Hexes
  1341 | D:3      | Reached skill level 1 in Charms
  1341 | D:3      | Reached skill level 1 in Summonings
  1341 | D:3      | Reached skill level 1 in Necromancy
  1341 | D:3      | Reached skill level 1 in Translocations
  1341 | D:3      | Reached skill level 1 in Fire Magic
  1341 | D:3      | Reached skill level 1 in Ice Magic
  1341 | D:3      | Reached skill level 1 in Air Magic
  1341 | D:3      | Reached skill level 1 in Poison Magic
  1341 | D:3      | Reached skill level 1 in Evocations
  1341 | D:3      | Reached XP level 4. HP: 10/32 MP: 4/11
  1341 | D:3      | Reached XP level 5. HP: 12/37 MP: 4/12
  1595 | D:3      | Noticed Natasha
  1602 | D:3      | Killed Natasha
  1662 | D:3      | Found a white marble altar of Elyvilon.
  1701 | D:3      | Learned a level 2 spell: Ensorcelled Hibernation
  1705 | D:3      | Learned a level 3 spell: Confuse
  1707 | D:3      | Learned a level 1 spell: Corona
  1717 | D:3      | Became a worshipper of Elyvilon the Healer
  2151 | D:3      | Noticed Natasha
  2155 | D:3      | Killed Natasha
  2155 | D:3      | Reached XP level 6. HP: 44/44 MP: 8/13
  2187 | D:3      | You fall through a shaft for 3 floors!
  2194 | D:5      | Entered Level 5 of the Dungeon
  2194 | D:5      | Found a glowing golden altar of the Shining One.
  2414 | D:4      | Noticed Sigmund
  2504 | D:3      | Reached * piety under Elyvilon
  2510 | D:3      | Reached skill level 5 in Dodging
  2617 | D:3      | Found an ornate altar of the Wu Jian Council.
  2676 | D:3      | Noticed a moth of wrath
  2676 | D:3      | Noticed Natasha
  2679 | D:3      | Found a bloodstained altar of Trog.
  2685 | D:3      | Killed Natasha
  3122 | D:4      | Found an ancient bone altar of Kikubaaqudgha.
  3492 | D:4      | Reached ** piety under Elyvilon
  3509 | D:4      | Killed Sigmund
  3509 | D:4      | Reached XP level 7. HP: 51/51 MP: 15/15
  3610 | D:4      | Noticed Eustachio
  3886 | D:4      | Killed Eustachio
  4536 | D:5      | Reached skill level 5 in Stealth
  4706 | D:5      | Learned a level 4 spell: Summon Lightning Spire
  4732 | D:5      | Reached XP level 8. HP: 28/57 MP: 14/16
  4974 | D:5      | Found a staircase to the Ecumenical Temple.
  5028 | D:5      | Reached *** piety under Elyvilon
  5619 | D:6      | Found a stormy altar of Qazlal.
  5621 | D:6      | Found a burning altar of Makhleb.
  5856 | D:6      | Reached **** piety under Elyvilon
  6175 | D:6      | Found a runed door.
  6175 | D:6      | Found a glowing silver altar of Zin.
  6175 | D:6      | Noticed an angel
  6298 | D:6      | Found a deep blue altar of Sif Muna.
  6508 | D:6      | Found a sacrificial altar of Ru.
  6897 | D:7      | Found a glowing silver altar of Zin.
  7116 | D:7      | Noticed a two-headed ogre
  7122 | D:7      | Elyvilon protects you from harm!
  7123 | D:7      | Elyvilon protects you from harm!
  7131 | D:7      | Elyvilon protects you from harm!
  7133 | D:7      | Slain by a two-headed ogre

Skill      XL: |  1  2  3  4  5  6  7  8 |
---------------+-------------------------+-----
Transmutations | 2 3 |  3.5
Spellcasting   | 5 6 |  6.1
Invocations    | 1 2 3 |  3.6
Fighting       | 1 2 3 |  3.3
Short Blades   | 1 2 3 |  3.3
Long Blades    | 1 2 3 |  3.3
Axes           | 1 2 3 |  3.3
Maces & Flails | 1 2 3 |  3.3
Polearms       | 1 2 3 |  3.3
Staves         | 1 2 3 |  3.3
Slings         | 1 2 3 |  3.3
Bows           | 1 2 3 |  3.3
Crossbows      | 1 2 3 |  3.3
Throwing       | 1 2 3 |  3.3
Armour         | 1 2 3 |  3.3
Shields        | 1 2 3 |  3.3
Unarmed Combat | 1 2 3 |  3.3
Conjurations   | 1 2 |  2.7
Hexes          | 1 2 |  2.7
Charms         | 1 2 |  2.7
Summonings     | 1 2 |  2.7
Necromancy     | 1 2 |  2.7
Translocations | 1 2 |  2.7
Fire Magic     | 1 2 |  2.7
Ice Magic      | 1 2 |  2.7
Air Magic      | 1 2 |  2.7
Poison Magic   | 1 2 |  2.7
Evocations     | 1 2 3 |  3.3
Dodging        | 5 |  5.7
Stealth        | 5 |  5.4
Earth Magic    | 6 |  6.1

Action                   |  1- 3 |  4- 6 |  7- 9 || total
-------------------------+-------+-------+-------++-------
Melee: Unarmed           |     4 |       |       ||     4
       Dagger            |     3 |   123 |    14 ||   140
       Bite              |     2 |    19 |     7 ||    28
       Falchion          |       |     2 |       ||     2
       Punch             |       |     1 |     2 ||     3
       Rapier            |       |       |    76 ||    76
 Cast: Sandblast         |    49 |    12 |       ||    61
       Ensorcelled Hiber |       |    44 |    31 ||    75
       Confuse           |       |     1 |     5 ||     6
       Passwall          |       |       |     5 ||     5
       Corona            |       |       |     4 ||     4
Invok: Divine Protection |       |       |     1 ||     1
 Stab: Sleeping          |     1 |    26 |    25 ||    52
  Eat: Chunk             |     1 |     7 |     8 ||    16
       Ration            |       |       |     1 ||     1
Armor: Robe              |    10 |     4 |     8 ||    22
Dodge: Dodged            |    21 |    60 |    80 ||   161
       Rpst.: Falchion   |     4 |     1 |       ||     5
